 Dungeon Crawl Stone Soup version 0.29.0-11-gd7f09526c8 (webtiles) character file.

Game seed: 16303961712280194080

423 CrazyBamboolord the Grave Robber (level 6, -9/43 HPs)
             Began as a Mummy Necromancer on Sept 5, 2022.
             Killed from afar by a steam dragon (28 damage)
             ... with a ball of steam
             ... on level 3 of the Dungeon.
             The game lasted 00:12:03 (3538 turns).

CrazyBamboolord the Grave Robber (MuNe)             Turns: 3538, Time: 00:12:03

Health: -9/43      AC:  4    Str: 11    XL:     6   Next: 63%
Magic:  1/14       EV: 12    Int: 17    God:
Gold:   140        SH:  0    Dex: 12    Spells: 4/15 levels left

rFire   . . .      SeeInvis +   j - +1 hammer (protect)
rCold   + . .      Faith    .   (no shield)
rNeg    + + +      Spirit   .   a - +0 robe
rPois   ∞          Reflect  .   (no helmet)
rElec   .          Harm     .   c - +0 cloak
rCorr   .          Rampage  .   i - +0 pair of gloves
Will    .....                   (no boots)
Stlth   ++........              (no amulet)
HPRegen 0.14/turn               b - ring of protection from fire
MPRegen 0.14/turn               d - ring of see invisible

@: no status effects
A: cold resistance 1, negative energy resistance 3, torment resistance 2, heat
vulnerability 1, in touch with death 1, no potions
a: no special abilities


You were on level 3 of the Dungeon.
You visited 1 branch of the dungeon, and saw 4 of its levels.

You collected 140 gold pieces.

Inventory:

Hand Weapons
 j - a +1 hammer of protection (weapon)
Armour
 a - a +0 robe (worn)
 c - a +0 cloak (worn)
 i - a +0 pair of gloves (worn)
Jewellery
 b - a ring of protection from fire (left hand)
 d - a ring of see invisible (right hand)
Wands
 k - a wand of light (11)
Scrolls
 e - a scroll of vulnerability
 f - a scroll of amnesia
 g - a scroll of blinking
 h - a scroll of poison {unknown}
 l - a scroll of identify
 m - a scroll of magic mapping {unknown}


   Skills:
 + Level 1.1 Fighting
 * Level 2.7 Dodging
 - Level 1.5 Stealth
 + Level 5.4 Spellcasting
 * Level 1.4 Hexes
 + Level 5.8 Necromancy


You had 4 spell levels left.
You knew the following spells:

 Your Spells              Type           Power      Damage    Failure   Level
a - Necrotise             Necr           100%       1d9       1%          1
b - Vampiric Draining     Necr           36%        2d8       3%          3
c - Animate Dead          Necr           36%        N/A       12%         4
d - Tukima's Dance        Hex            9%         N/A       22%         3

Your spell library contained the following spells:

 Spells                   Type           Power      Damage    Failure   Level
 Apportation              Tloc           8%         N/A       14%         1
 Summon Small Mammal      Summ           16%        N/A       14%         1
 Confusing Touch          Hex            9%         N/A       22%         3
 Passage of Golubria      Tloc           4%         N/A       80%         4
 Agony                    Necr           36%        N/A       34%         5
 Yara's Violent Unravell  Hex/Tmut       3%         3d4       95%         5
 Alistair's Intoxication  Tmut/Pois      2%         N/A       98%         5
 Enfeeble                 Hex            4%         N/A       100%        7


Dungeon Overview and Level Annotations

Branches:
Dungeon (4/15)
 Temple: D:4-7

Altars:

Shops:
D:1 =


Innate Abilities, Weirdness & Mutations

You are immune to poison.
Your flesh is cold resistant. (rC+)
You are immune to negative energy. (rN+++)
You are immune to unholy pain and torment.
You are vulnerable to heat. (rF-)
You are in touch with the powers of death.
You do not drink.


Message History

Aiming: Necrotise (safe; 1% risk of failure)
Press: ? - help, Q - select action, (/) - cycle Shift-Dir - straight line, f/p - sky beast
Aim: a sky beast (heavily wounded, slightly transparent, chance to affect: 83%)
You feel a surge of power!
The steam dragon writhes in agony.
Your hound skeleton completely misses the steam dragon.
Your hound skeleton bites the steam dragon.
The sky beast hits your hound skeleton.
The sky beast shocks your hound skeleton.
The steam dragon bites you but does no damage.
The steam dragon claws you.
You climb upwards.
There is a stone staircase leading down here.
You hit the steam dragon.
Your weapon exudes an aura of protection.
The steam dragon is lightly wounded.
The steam dragon breathes steam at you. The ball of steam hits you!
The steam dragon bites you. The steam dragon closely misses you.
Casting: Necrotise (safe; 1% risk of failure)
Confirm with . or Enter, or press ? or * to list all spells.
Aiming: Vampiric Draining (dangerous; 3% risk of failure)
Press: ? - help, Shift-Dir - straight line, f - steam dragon
Aim: a steam dragon (lightly wounded, catching its breath)
You feel a surge of power!
You draw life force from the steam dragon!
You feel life coursing into your body. The steam dragon bites you.
The steam dragon claws you but does no damage.
Casting: Vampiric Draining (dangerous; 3% risk of failure)
Confirm with . or Enter, or press ? or * to list all spells.
Aiming: Vampiric Draining (dangerous; 3% risk of failure)
Press: ? - help, Shift-Dir - straight line, f/p - steam dragon
Aim: a steam dragon (heavily wounded, catching its breath)
You feel a surge of power!
You draw life force from the steam dragon!
You feel life coursing into your body. The steam dragon bites you.
The steam dragon claws you. The steam dragon breathes steam at you.
The ball of steam hits you!!
Ouch! That really hurt!
You die...

#.#.....#.#.#....# #
#.#.....#.#....### #
###.#.....#......'.# #
#.........#......#.###
#####..[.[#......#....
#§§.>.#.#.######.#####
##.##.D........#.##...
#.###§#######.#.##.##
#...@.........#.##.#
#.###.######....##.#
#.....# #....##.#
#.##### #....##.# #.#
#....##.## #.#
#....##... #.#
#....##### #)#
#....##### #.#
#.........


You could see a steam dragon (catching breath).

Vanquished Creatures
  An orc warrior (D:3)
  3 orc priests (D:3)
  Crazy Yiuf (D:2)
  A hound (D:4)
  Terence (D:2)
  4 adders
  3 worms
  A dart slug (D:2)
  5 orcs (D:3)
  8 endoplasms
  4 giant cockroaches
  3 goblins
  4 hobgoblins
  5 jackals
  3 quokkas
  7 ball pythons
  8 bats
  6 frilled lizards
  7 kobolds
  7 rats
82 creatures vanquished.

Vanquished Creatures (collateral kills)
  An orc wizard (D:3)
  3 endoplasms
  A goblin (D:2)
  A hobgoblin (D:1)
  A jackal (D:3)
7 creatures vanquished.

Vanquished Creatures (others)
  A dancing weapon (D:3)
1 creature vanquished.

Grand Total: 90 creatures vanquished

Notes
Turn   | Place    | Note
-------+----------+-------------------------------------------
     0 | D:1      | CrazyBamboolord the Mummy Necromancer began the quest for
                  | the Orb.
     0 | D:1      | Reached XP level 1. HP: 13/13 MP: 4/4
   329 | D:1      | Reached XP level 2. HP: 20/20 MP: 1/5
   379 | D:1      | Found Xioshroi's One-of-a-Kind Rings.
   954 | D:2      | Gained mutation: You are in touch with the powers of death.
                  | [Mummy growth]
   954 | D:2      | Reached XP level 3. HP: 25/25 MP: 0/7
  1031 | D:1      | Learned a level 3 spell: Vampiric Draining
  1310 | D:2      | Reached skill level 1 in Fighting
  1365 | D:2      | Noticed Terence
  1380 | D:2      | Killed Terence
  1381 | D:2      | Reached XP level 4. HP: 32/32 MP: 1/9
  1620 | D:2      | Learned a level 4 spell: Animate Dead
  1919 | D:2      | Found a runed translucent door.
  1920 | D:2      | Noticed Crazy Yiuf
  1929 | D:2      | Killed Crazy Yiuf
  1930 | D:2      | Reached skill level 5 in Necromancy
  1930 | D:2      | Reached XP level 5. HP: 18/37 MP: 3/11
  1941 | D:2      | Learned a level 3 spell: Tukima's Dance
  2606 | D:3      | Noticed an orc warrior
  2631 | D:3      | Killed an orc warrior
  2632 | D:3      | Reached skill level 5 in Spellcasting
  2632 | D:3      | Reached skill level 1 in Hexes
  2632 | D:3      | Reached XP level 6. HP: 33/43 MP: 2/13
  3518 | D:4      | Noticed a steam dragon
  3520 | D:4      | Noticed a sky beast
  3538 | D:3      | Killed from afar by a steam dragon

Illustrated notes

Levels and vault maps discovered:
D:1:      tarquinn_simple_flora_water_b, layout_basic,
          chequers_serial_rivers_large_b, nicolae_shop_unique_rings,
          serial_park_tiny_1, serial_bayou_pond_c, minmay_misc_feat_ornament
D:2:      layout_rooms, hangedman_glass_teeth, minmay_pentomino_p4,
          uniq_crazy_yiuf_cottage, uniq_terence
D:3:      cheibrodos_helix_gallery, layout_basic
D:4:      layout_cave_pools

Skill      XL: |  1  2  3  4  5 |
---------------+----------------+-----
Spellcasting   | 3 4 5 |  5.4
Fighting       | 1 |  1.1
Dodging        | 2 |  2.7
Necromancy     | 5 |  5.8
Hexes          | 1 |  1.4
Stealth        | |  1.5

Action                   |  1- 3 |  4- 6 || total
-------------------------+-------+-------++-------
Melee: Unarmed           |     2 |       ||     2
       Mace              |       |    25 ||    25
 Cast: Necrotise         |    61 |    96 ||   157
       Vampiric Draining |     2 |     5 ||     7
       Tukima's Dance    |       |     1 ||     1
  Use: Scroll            |     1 |     2 ||     3
Armor: Robe              |     3 |    15 ||    18
Dodge: Dodged            |    13 |    32 ||    45
